 Dungeon Crawl Stone Soup version 0.29.0-13-gc9e81de378 (webtiles) character file.

Game seed: 4291129814419462698

1029 Strat the Caller (level 8, -26/66 HPs)
             Began as a Ghoul Summoner on Sept 8, 2022.
             Was an Initiate of Gozag.
             Killed from afar by an acid dragon (29 damage)
             ... with a splash of acid
             ... on level 6 of the Dungeon on Sept 9, 2022.
             The game lasted 00:16:15 (7826 turns).

Strat the Caller (Ghoul Summoner)                   Turns: 7826, Time: 00:16:16

Health: -26/66     AC: -4    Str: 14    XL:     8   Next: 23%
Magic:  6/9        EV: 12    Int: 10    God:    Gozag
Gold:   394        SH:  0    Dex:  9    Spells: 4/10 levels left

rFire   . . .      SeeInvis .   a - +0 war axe (drain)
rCold   + . .      Faith    .   (no shield)
rNeg    + + +      Spirit   .   x - +2 robe {Will+}
rPois   ∞          Reflect  .   (no helmet)
rElec   .          Harm     .   (no cloak)
rCorr   .          Rampage  .   (no gloves)
Will    +....                   (no boots)
Stlth   ++........              (no amulet)
HPRegen 0.00/turn               (no ring)
MPRegen 0.11/turn               (no ring)

@: corroded, attractive, inhibited regen
A: claws 1, cold resistance 1, negative energy resistance 3, inhibited
regeneration, torment resistance 2, devour on kill
a: Renounce Religion, Potion Petition, Call Merchant, Bribe Branch


You were on level 6 of the Dungeon.
You worshipped Gozag.
Gozag was aware of your devotion.
You visited 1 branch of the dungeon, and saw 6 of its levels.

You collected 445 gold pieces.
You paid 51 gold pieces to Gozag.

Inventory:

Hand Weapons
 a - a +0 war axe of draining (weapon)
 b - a +1 sling
 n - a +0 whip
Missiles
 q - 17 poisoned darts
Armour
 c - a +0 leather armour
 f - a +1 ring mail
 l - a +0 robe
 x - a +2 robe of willpower (worn)
Magical Staves
 r - a staff of death
Wands
 d - a wand of paralysis (1)
 g - a wand of polymorph (3)
 s - a wand of flame (12)
 w - a wand of roots (6)
Scrolls
 e - a scroll of enchant weapon
 h - a scroll of brand weapon
 k - a scroll of poison
 m - a scroll of immolation
 o - a scroll of enchant armour
 v - a scroll of teleportation {unknown}
Potions
 i - a potion of degeneration
 j - a potion of brilliance
 p - 3 potions of attraction
 u - a potion of haste {unknown}
 z - 2 potions of flight {unknown}


   Skills:
 + Level 3.9 Fighting
 * Level 6.0 Axes
 - Level 1.7 Dodging
 - Level 2.1 Stealth
 - Level 1.7 Spellcasting
 - Level 6.0 Summonings


You had 4 spell levels left.
You knew the following spells:

 Your Spells              Type           Power      Damage    Failure   Level
a - Summon Small Mammal   Summ           48%        N/A       2%          1
b - Call Imp              Summ           12%        N/A       4%          2
c - Call Canine Familiar  Summ           12%        N/A       9%          3

Your spell library contained the following spells:

 Spells                   Type           Power      Damage    Failure   Level
 Summon Guardian Golem    Hex/Summ       6%         N/A       28%         3
 Portal Projectile        Hex/Tloc       0%         N/A       67%         3
 Summon Lightning Spire   Summ/Air       6%         N/A       67%         4
 Leda's Liquefaction      Hex/Erth       0%         N/A       97%         4
 Summon Hydra             Summ           6%         N/A       100%        7
 Sublimation of Blood     Necr           Unusable   N/A       N/A         2
 Wereblood                Tmut           Unusable   N/A       N/A         2

Dungeon Overview and Level Annotations

Branches:
Dungeon (6/15)
 Temple: D:4-7

Altars:
Ashenzari
Dithmenos
Gozag
Kikubaaqudgha
Makhleb
Okawaru
Sif Muna
Trog
Wu Jian


Innate Abilities, Weirdness & Mutations

You are immune to poison.
You have sharp fingernails.
Your flesh is cold resistant. (rC+)
You are immune to negative energy. (rN+++)
You do not regenerate when monsters are visible.
You are immune to unholy pain and torment.
You thrive by killing the living.


Message History

Aim: an acid dragon (lightly wounded, ally target, will become a tengu, a sky beast, or a swamp drake, chance to affect: 49%)
The acid dragon resists with some effort.
The kobold brigand throws a curare-tipped dart.
The curare-tipped dart barely misses your shadow imp.
The curare-tipped dart barely misses the acid dragon.
The curare-tipped dart barely misses you.
The kobold throws a stone.
The stone barely misses your hound.
The stone barely misses the acid dragon.
The stone hits you. The acid dragon spits acid at you.
The splash of acid hits you!!
* * * LOW HITPOINT WARNING * * *
Your hound barely misses the acid dragon.
Your shadow imp barely misses the acid dragon.
The kobold shouts!
Your shadow imp gestures at the acid dragon.
The acid dragon writhes in agony.
The kobold throws a stone.
The stone hits you.
* * * LOW HITPOINT WARNING * * *
The kobold throws a stone.
The stone completely misses you.
The kobold throws a stone.
The stone hits you.
* * * LOW HITPOINT WARNING * * *
Your hound barely misses the acid dragon.
Okay, then.
Okay, then.
The air fills with toxic fumes!
As you read the scroll labelled ESEUNO XAEPHA, it crumbles to dust.
It was a scroll of poison.
The acid dragon spits acid at you. The splash of acid hits you!!
* * * LOW HITPOINT WARNING * * *
The acid corrodes you!
You hear an angry hiss.
A steam dragon comes into view.
It was a potion of attraction.
You feel attractive to monsters. The acid dragon spits acid at you.
The splash of acid hits you!!
You die...
Your body crumbles into a pile of gold.

######................ ....
# #.......§§§##.... ....
##.......§§# #### .. ....
##........§§# ... ....
##..........§#### ..#. ....
##.........h§5§§§####§...
....
###........5..##D§§§§§§§...
....
#.........)..###.§§§§§§§...
.... .............#
#@§§§§§§§... ....
.##..#..KK..####§§§§§§§§...
....
.....##.K......§§§§§§§§§...
#.......K......§§§§§§§§§...
##......K##...§§§§§§§§§§....
##.$...#####.§§§§§§§§§§....
##.K...## ##§§§§§§§D§§....
#....$##
##..................
.......##
##.....................


You could see a steam dragon (wandering), an acid dragon (catching breath, ally
target) and a friendly shadow imp (summoned).

Vanquished Creatures
  A black bear (D:5)
  A centaur (D:6)
  A necrophage (D:5)
  An orc priest (D:4)
  3 iguanas
  3 orc wizards
  3 adders
  2 gnolls (D:5)
  14 orcs
  3 ball pythons
  2 bats
  4 endoplasms
  3 giant cockroaches
  A hobgoblin (D:4)
  2 jackals
  5 quokkas
  3 frilled lizards
  5 goblins
  5 kobolds
  4 rats
66 creatures vanquished.

Vanquished Creatures (collateral kills)
  A centaur (D:5)
  2 bullfrogs
  A necrophage (D:6)
  A howler monkey (D:6)
  A hound (D:6)
  Jessica (D:3)
  Ijyb (D:5)
  2 orc wizards
  An adder (D:3)
  2 gnolls (D:5)
  A worm (D:2)
  6 orcs
  A hobgoblin (D:3)
  6 jackals (D:2)
  3 kobolds
  2 ball pythons
  A rat (D:2)
33 creatures vanquished.

Vanquished Creatures (others)
  A butterfly (D:6)
1 creature vanquished.

Grand Total: 100 creatures vanquished

Notes
Turn   | Place    | Note
-------+----------+-------------------------------------------
     0 | D:1      | Strat the Ghoul Summoner began the quest for the Orb.
     0 | D:1      | Reached XP level 1. HP: 14/14 MP: 2/2
   293 | D:1      | Reached skill level 1 in Fighting
   293 | D:1      | Reached XP level 2. HP: 21/23 MP: 1/3
   296 | D:1      | Learned a level 2 spell: Call Imp
   760 | D:2      | Found an ancient bone altar of Kikubaaqudgha.
   773 | D:2      | Found a faded altar of an unknown god.
  1201 | D:2      | Reached XP level 3. HP: 29/29 MP: 0/4
  1700 | D:2      | Reached XP level 4. HP: 36/36 MP: 5/5
  1704 | D:2      | Learned a level 3 spell: Call Canine Familiar
  1997 | D:3      | Found an ornate altar of the Wu Jian Council.
  2812 | D:3      | Noticed Jessica
  2920 | D:3      | Killed Jessica
  3290 | D:4      | Found an iron altar of Okawaru.
  3463 | D:4      | Reached XP level 5. HP: 42/42 MP: 3/6
  3464 | D:4      | Reached skill level 5 in Summonings
  3495 | D:4      | Noticed a centaur
  3657 | D:4      | Found a burning altar of Makhleb.
  3710 | D:4      | Reached skill level 1 in Axes
  4263 | D:5      | Entered Level 5 of the Dungeon
  4271 | D:5      | Found an opulent altar of Gozag.
  4274 | D:5      | Became a worshipper of Gozag Ym Sagoz the Greedy
  4430 | D:5      | Noticed a black bear
  4526 | D:5      | Reached XP level 6. HP: 14/51 MP: 3/7
  5214 | D:5      | Killed a black bear
  5384 | D:5      | Noticed Ijyb
  5390 | D:5      | Paralysed by Ijyb for 3 turns
  5393 | D:5      | Killed Ijyb
  5394 | D:5      | Reached XP level 7. HP: 53/57 MP: 3/8
  5670 | D:5      | Found a broken altar of Ashenzari.
  5876 | D:5      | Found a shimmering blue altar of Sif Muna.
  5877 | D:5      | Found an ancient bone altar of Kikubaaqudgha.
  5877 | D:5      | Found a shadowy altar of Dithmenos.
  5877 | D:5      | Found a bloodstained altar of Trog.
  6606 | D:6      | Reached skill level 5 in Axes
  6832 | D:6      | Noticed a steam dragon
  6869 | D:6      | Reached XP level 8. HP: 31/63 MP: 4/9
  7824 | D:6      | HP: 3/66 [acid dragon/splash of acid (23)]
  7826 | D:6      | Killed from afar by an acid dragon

Illustrated notes

Levels and vault maps discovered:
D:1:      scummos_arrival_checkerplants, layout_rooms
D:2:      layout_basic, hellmonk_ecumenical_altar_dog_temple, basic_altar,
          minmay_ruptured
D:3:      layout_basic, nzn_wu_jian_contemplation, uniq_jessica
D:4:      layout_basic, mainiacjoe_overflow_small_starburst,
          lightli_temple_of_fire
D:5:      layout_loops_corners, kennysheep_mini_moat,
          grunt_temple_overflow_open, uniq_ijyb
D:6:      layout_layer_cave, lemuel_coloured_pillars_altar,
          nicolae_elyvilon_peaceful_grove

Skill      XL: |  1  2  3  4  5  6  7  8 |
---------------+-------------------------+-----
Fighting       | 1 2 3 |  3.9
Summonings     | 4 5 6 |  6.0
Axes           | 2 3 5 6 |  6.0
Dodging        | |  1.7
Stealth        | |  2.1
Spellcasting   | |  1.7

Action                   |  1- 3 |  4- 6 |  7- 9 || total
-------------------------+-------+-------+-------++-------
Melee: Unarmed           |    72 |       |       ||    72
       War axe           |    14 |   107 |    94 ||   215
       Punch             |     1 |       |     2 ||     3
 Fire: Sling             |    17 |    44 |       ||    61
 Cast: Summon Small Mamm |    11 |     2 |     1 ||    14
       Call Imp          |     6 |    19 |    16 ||    41
       Call Canine Famil |       |     5 |    10 ||    15
Evoke: Wand              |       |     2 |     4 ||     6
  Use: Scroll            |       |     8 |     2 ||    10
       Potion            |       |     2 |     1 ||     3
 Stab: Sleeping          |     2 |     1 |       ||     3
Armor: Leather armour    |    30 |     8 |       ||    38
       Robe              |       |    48 |    39 ||    87
Dodge: Dodged            |    69 |    95 |    89 ||   253
